Map: 普列昂台地

Players

FWHas (Has) - Winner!

  • Race: Protoss Protoss
  • League: Master

Rex

  • Race: Zerg Zerg
  • League: Grandmaster

Event: 2016 WCS Winter Challenger Taiwan

VOD

Have the link to the VOD?

Description

Time

  • Played on: Jan. 7, 2016, 5:26 a.m.
  • Length: 12:22

All games in this series

Show
View Real Time Build Order
Export as new Build Order

FWHas Protoss - Winner!

Build Orders: Nexus First 

Get SALT Encoding   

  12  0:00  Probe (Chrono Boost)  
  13  0:11  Probe (Chrono Boost)  
  14  0:16  Pylon  
  14  0:22  Probe (Chrono Boost)  
  15  0:35  Probe (Chrono Boost)  
  16  0:45  Probe (Chrono Boost)  
  17  0:57  Nexus  
  17  1:00  Probe (Chrono Boost)  
  18  1:09  Gateway  
  18  1:13  Probe (Chrono Boost)  
  19  1:24  Probe (Chrono Boost)  
  20  1:28  Assimilator  
  20  1:31  Assimilator  
  20  1:34  Probe (Chrono Boost)  
  21  1:42  Gateway  
  21  1:45  Probe (Chrono Boost)  
  22  1:55  Probe (Chrono Boost)  
  22  1:56  Cybernetics Core  
  23  2:09  Probe x2 (Chrono Boost)  
  25  2:20  Probe (Chrono Boost)  
  25  2:21  Probe (Chrono Boost)  
  27  2:30  Probe (Chrono Boost)  
  27  2:32  Adept (Chrono Boost), Warp Gate (Chrono Boost)  
  27  2:33  Adept (Chrono Boost)  
  27  2:35  Probe  
  33  2:41  Pylon  
  33  2:44  Probe  
  33  2:48  Mothership Core  
  33  2:50  Assimilator  
  36  2:56  Twilight Council  
  36  3:01  Probe  
  37  3:07  Adept x2 (Chrono Boost)  
  41  3:13  Probe, Gateway  
  41  3:18  Pylon  
  42  3:25  Robotics Facility  
  42  3:27  Probe  
  42  3:29  Probe  
  44  3:47  Probe x2  
  46  3:49  Assimilator  
  46  3:51  Gateway  
  46  3:52  Twilight Council  
  46  4:06  Resonating Glaives (Chrono Boost)  
  42  4:10  Warp Prism (Chrono Boost)  
  42  4:11  Gateway  
  42  4:13  Probe x2, Pylon  
  46  4:22  Pylon  
  46  4:23  Pylon  
  46  4:33  Robotics Bay  
  46  4:36  Adept x3  
  52  4:41  Probe, Observer  
  54  4:50  Nexus  
  54  4:53  Pylon  
  54  4:58  Probe x2  
  56  5:04  Adept  
  56  5:05  Adept  
  56  5:06  Adept  
  62  5:12  Probe x2  
  64  5:19  Disruptor  
  65  5:42  Blink (Chrono Boost)  
  63  5:45  Probe  
  63  5:47  Gateway  
  63  5:49  Gateway  
  60  5:50  Disruptor  
  60  5:52  Adept x4, Gateway  
  60  5:53  Adept  
  73  6:01  Probe  
  73  6:02  Probe  
  75  6:12  Probe  
  75  6:13  Probe  
  75  6:24  Adept x4  
  75  6:25  Probe, Adept  
  79  6:27  Probe  
  79  6:30  Probe  
  79  6:32  Disruptor  
  79  6:37  Probe  
  83  6:40  Probe  
  83  6:45  Stalker x2  
  83  6:46  Stalker  
  90  6:49  Probe  
  91  6:58  Pylon x2  
  91  6:59  Stalker  
  91  7:00  Pylon  
  93  7:01  Probe  
  94  7:08  Disruptor  
  94  7:12  Probe  
  88  7:40  Stalker x6  
  88  7:41  Stalker x2  
  104  7:49  Probe  
  105  7:53  Pylon  
  105  7:54  Pylon  
  105  8:00  Probe  
  105  8:03  Adept  
  105  8:04  Adept x2  
  112  8:11  Stalker x3  
  112  8:12  Stalker x2  
  121  8:28  Stalker  
  121  8:29  Stalker x2  
  121  8:32  Disruptor  
  122  8:35  Stalker x4  
  124  8:55  Adept  
  124  8:56  Adept x3  
  116  9:05  Disruptor  
  105  9:11  Stalker x3  
  105  9:12  Stalker  
  105  9:16  Assimilator  
  116  9:17  Assimilator  
  116  9:19  Adept x3  
  116  9:21  Adept  
  123  9:44  Stalker x3  
  123  9:45  Adept  
  129  9:46  Zealot x3  
  129  9:47  Zealot  
  137  9:57  Warp Prism, Pylon  
  137  10:00  Pylon  
  137  10:01  Pylon  
  139  10:17  Stalker x5  
  139  10:19  Stalker  
  151  10:31  Disruptor  
  149  10:41  Stalker x2  
  149  10:42  Stalker  
  158  10:47  Stalker  
  158  10:48  Stalker  
  162  10:55  Pylon  
  158  11:31  Stalker x2  
  158  11:32  Stalker x2  
  152  11:37  Stalker x3  
  152  11:38  Stalker  
  143  12:05  Stalker x4  
  143  12:06  Stalker x4  
Show
View Real Time Build Order
Export as new Build Order

Rex Zerg 

Build Orders: Hatch First 

Get SALT Encoding   

  12  0:00  Drone  
  13  0:09  Drone  
  14  0:17  Overlord  
  14  0:24  Drone, Extractor  
  15  0:35  Drone x2  
  17  0:51  Hatchery  
  17  0:55  Drone  
  17  0:58  Drone  
  18  1:04  Extractor  
  18  1:05  Drone  
  18  1:18  Drone  
  19  1:26  Overlord  
  19  1:33  Spawning Pool  
  19  1:37  Drone  
  19  1:51  Drone  
  20  2:05  Hatchery  
  20  2:08  Drone x2  
  20  2:10  Drone  
  22  2:18  Drone  
  22  2:19  Metabolic Boost  
  22  2:21  Drone  
  24  2:24  Queen  
  26  2:34  Queen  
  26  2:35  Zergling x2  
  29  2:40  Drone  
  29  2:41  Drone  
  29  2:42  Drone  
  32  2:46  Drone  
  33  2:53  Overlord  
  33  3:02  Queen  
  33  3:04  Drone  
  36  3:13  Drone  
  36  3:14  Drone x2  
  36  3:16  Queen  
  36  3:18  Drone  
  42  3:20  Drone  
  42  3:24  Overlord  
  43  3:29  Drone, Extractor  
  43  3:30  Drone, Roach Warren  
  43  3:32  Drone  
  42  3:37  Zergling x4  
  42  3:38  Zergling x2  
  42  3:40  Zergling x2  
  43  3:46  Zergling x2  
  42  3:50  Zergling x2  
  43  4:01  Drone  
  43  4:02  Drone  
  43  4:03  Drone  
  43  4:04  Drone  
  43  4:06  Drone  
  45  4:10  Drone x2  
  45  4:13  Drone  
  48  4:17  Overlord  
  48  4:21  Drone  
  48  4:22  Drone  
  48  4:23  Drone  
  51  4:25  Drone x2  
  51  4:30  Overlord  
  52  4:32  Overlord  
  52  4:35  Overlord  
  52  4:41  Roach x2  
  52  4:43  Roach  
  58  4:46  Roach  
  58  4:47  Roach  
  58  4:51  Spine Crawler  
  61  4:53  Roach  
  61  4:55  Roach  
  61  4:58  Roach  
  61  4:59  Spore Crawler  
  66  5:03  Spore Crawler, Roach  
  66  5:06  Roach  
  69  5:09  Roach  
  69  5:13  Spore Crawler  
  70  5:17  Drone x2  
  70  5:21  Drone x4  
  75  5:31  Drone x2  
  75  5:34  Drone x3  
  79  5:41  Lair  
  74  5:44  Drone x6  
  74  5:48  Overlord  
  80  5:52  Extractor  
  80  5:54  Spine Crawler  
  78  5:57  Ravager x2  
  78  5:58  Ravager  
  81  6:09  Drone x6  
  81  6:21  Roach x4  
  81  6:22  Zergling x2  
  81  6:23  Zergling x12  
  95  6:31  Zergling x8  
  96  6:47  Zergling x2  
  96  6:48  Ravager  
  96  6:49  Overlord  
  96  6:51  Extractor  
  96  6:55  Spine Crawler x2  
  96  6:57  Glial Reconstitution  
  96  6:58  Zergling x8  
  98  7:08  Overlord  
  98  7:11  Roach x3  
  98  7:14  Overlord x2  
  98  7:15  Overlord  
  104  7:21  Roach  
  104  7:22  Overlord x2  
  100  7:30  Zergling x2, Roach x2  
  100  7:31  Drone x2  
  100  7:32  Drone  
  100  7:33  Drone  
  100  7:35  Drone  
  106  7:38  Drone  
  106  7:40  Drone  
  106  7:43  Drone, Ravager  
  106  7:44  Ravager x3  
  105  7:51  Roach x2  
  108  7:52  Roach  
  108  7:53  Zergling x4, Roach  
  108  7:57  Zergling x4  
  116  8:01  Zergling x4  
  116  8:03  Roach x2  
  122  8:07  Zergling x4, Roach  
  122  8:10  Zergling x4, Roach  
  129  8:15  Roach  
  129  8:16  Roach x2  
  129  8:17  Roach  
  137  8:20  Roach  
  137  8:23  Overseer  
  137  8:25  Zergling x2, Roach  
  140  8:29  Roach  
  140  8:34  Zergling x2, Roach  
  140  8:36  Roach x2  
  140  8:38  Zergling x2, Roach  
  140  8:39  Zergling x4  
  147  8:43  Overlord  
  147  8:45  Roach  
  143  8:50  Roach  
  122  8:57  Zergling x4, Roach  
  122  9:00  Zergling x6, Roach  
  122  9:02  Roach  
  118  9:06  Zergling x2, Roach  
  118  9:08  Roach  
  115  9:21  Zergling x4, Roach  
  119  9:26  Roach  
  119  9:27  Zergling x2  
  119  9:28  Roach x2  
  119  9:31  Ravager x2  
  125  9:37  Zergling x2, Roach  
  128  9:41  Roach  
  130  9:47  Roach  
  130  9:48  Zergling x2, Roach  
  130  9:51  Roach  
  130  9:52  Roach  
  139  9:53  Roach x8  
  139  9:57  Roach  
  139  9:58  Roach x2  
  157  10:18  Roach  
  157  10:20  Roach  
  161  10:25  Roach  
  160  10:30  Zergling x4, Roach  
  160  10:31  Overlord  
  160  10:32  Overlord  
  160  10:33  Overlord x2  
  156  10:42  Zergling x2, Roach  
  157  10:43  Ravager x4  
  157  10:48  Overlord  
  157  10:49  Overlord  
  161  10:52  Zergling x2  
  161  10:53  Zergling x12, Evolution Chamber  
  167  10:59  Hatchery  
  163  11:20  Zergling x22  
  163  11:24  Roach  
  143  11:28  Zergling x2, Roach  
  119  11:35  Roach x2  
  119  11:36  Roach x3  
  119  11:37  Roach  
  119  11:38  Roach  
  119  11:39  Roach  
  112  11:43  Roach  
  115  11:47  Ravager x7  
  115  11:49  Roach  
  115  11:51  Zergling x2  
  115  11:53  Zergling x4  
Tags
 
Add a new tag
Caveats
  • Supply blocks, unpowered buildings, or Contaminate may cause inaccurate times.
  • Supply counts are checked every 10 seconds.